| TOP OF THE 1ST |
|
University of Illinois Fighting Illini batting - Pitching for Oklahoma State University Cowboys : RHP Jason Maki
|
|
Pitching: RHP Jason Maki
|
|
|
Batting: SHB Dan Strickland
|
0-0: Ball 1-0: Ball 2-0: Swinging Strike 2-1: Ball 3-1: Foul Ball, location: 2F 3-2: Strikes out looking
|
|
Batting: RHB Hugo Priego
|
0-0: Foul Ball, location: 2F 0-1: Ball 1-1: Ball 2-1: Swinging Strike 2-2: Ground out 5-3 (Groundball, 5, EV 86.9 MPH)
|
|
Batting: LHB Bill Kovac
|
0-0: Foul Ball, location: 2F 0-1: Called Strike 0-2: Strikes out swinging
|
| Top of the 1st over - 0 runs, 0 hits, 0 errors, 0 left on base; University of Illinois 0 - Oklahoma State University 0 |
| BOTTOM OF THE 1ST |
|
Oklahoma State University Cowboys batting - Pitching for University of Illinois Fighting Illini : LHP Dave Serna
|
|
Pitching: LHP Dave Serna
|
|
|
Batting: RHB Settan Nakamura
|
0-0: Called Strike 0-1: Foul Ball, location: 2F 0-2: Foul Ball, location: 2F 0-2: DOUBLE (Groundball, 5L, EV 105.0 MPH)
|
|
Batting: RHB Ji-an See-to
|
0-0: Ground out 5-3 (Groundball, 25, EV 84.4 MPH)
|
|
Batting: RHB Ben Saxton
|
0-0: SINGLE (Flyball, 8RS, EV 91.9 MPH) Settan Nakamura to third Runner from 3rd tries for Home, SAFE, throw by CF to home
|
|
Batting: LHB Rafael Banda
|
0-0: Fielders Choice at 2nd, 4-6 (Groundball, 4, EV 102.5 MPH)
|
|
Batting: RHB Masakuni Takeuchi
|
0-0: Fielders Choice at 2nd, 6-4 (Groundball, 6, EV 82.5 MPH)
|
| Bottom of the 1st over - 1 run, 2 hits, 0 errors, 1 left on base; University of Illinois 0 - Oklahoma State University 1 |
| TOP OF THE 2ND |
|
University of Illinois Fighting Illini batting - Pitching for Oklahoma State University Cowboys : RHP Jason Maki
|
|
Batting: LHB Fumito Sakurai
|
0-0: Ball 1-0: Fly out, F7 (Flyball, 7, EV 79.4 MPH)
|
|
Batting: LHB Alex Rivera
|
0-0: Ball 1-0: Called Strike 1-1: Foul Ball, location: 2F 1-2: Ball 2-2: Ball 3-2: Foul Ball, location: 2F 3-2: Fly out, F9 (Flyball, 9D, EV 91.2 MPH)
|
|
Batting: SHB Ernesto Mazas
|
0-0: Ground out 4-3 (Groundball, 4, EV 91.9 MPH)
|
| Top of the 2nd over - 0 runs, 0 hits, 0 errors, 0 left on base; University of Illinois 0 - Oklahoma State University 1 |
| BOTTOM OF THE 2ND |
|
Oklahoma State University Cowboys batting - Pitching for University of Illinois Fighting Illini : LHP Dave Serna
|
|
Batting: LHB Vecdi Ertegun
|
0-0: Called Strike 0-1: SINGLE (Line Drive, 7S, EV 106.2 MPH)
|
|
Batting: RHB Oscar Hernandez
|
0-0: SINGLE (Groundball, 6MD, EV 97.5 MPH) Vecdi Ertegun to second
|
|
Batting: RHB Pedro Luera
|
0-0: Ball 1-0: Foul Ball, location: 2F 1-1: SINGLE (Groundball, 6MD, EV 101.9 MPH) Vecdi Ertegun to third Oscar Hernandez to second
|
|
Batting: RHB Alex Montiel
|
0-0: Foul Ball, location: 2F 0-1: Swinging Strike 0-2: Fly out, F9 (Flyball, 9LM, EV 95.0 MPH) Runner from 3rd tags up, SCORES, throw by RF
|
|
Batting: RHB Settan Nakamura
|
0-0: Ball 1-0: Foul Ball, location: 2F 1-1: Foul Ball, location: 2F 1-2: Ball 2-2: Ball 3-2: Strikes out swinging
|
|
Batting: RHB Ji-an See-to
|
0-0: Ball 1-0: SINGLE (Groundball, 2L, EV 68.8 MPH) (infield hit) Oscar Hernandez to third Pedro Luera to second
|
|
Pinch Runner at 1st Chris Marcellus:
|
|
|
Batting: RHB Ben Saxton
|
0-0: Ground out U3 (Groundball, 34, EV 91.2 MPH)
|
| Bottom of the 2nd over - 1 run, 4 hits, 0 errors, 3 left on base; University of Illinois 0 - Oklahoma State University 2 |
| TOP OF THE 3RD |
|
University of Illinois Fighting Illini batting - Pitching for Oklahoma State University Cowboys : RHP Jason Maki
|
|
Now at 1B: Hidemitsu Matsuno
|
|
|
Batting: RHB Fernando Acosta
|
0-0: SINGLE (Line Drive, 56, EV 100.0 MPH)
|
|
Batting: RHB Oscar Ramirez
|
0-0: Foul Ball, location: 2F 0-1: Ground out 4-3 (Groundball, 13, EV 94.4 MPH) Fernando Acosta to second
|
|
Batting: LHB Clint Hanninen
|
0-0: Ball 1-0: Fly out, F9 (Flyball, 9D, EV 105.0 MPH) Runner from 2nd tags up, SAFE at 3rd, no throw by RF
|
|
Batting: SHB Dan Strickland
|
0-0: Ball 1-0: Ground out U3 (Groundball, 34S, EV 79.4 MPH)
|
| Top of the 3rd over - 0 runs, 1 hit, 0 errors, 1 left on base; University of Illinois 0 - Oklahoma State University 2 |
| BOTTOM OF THE 3RD |
|
Oklahoma State University Cowboys batting - Pitching for University of Illinois Fighting Illini : LHP Dave Serna
|
|
Batting: LHB Rafael Banda
|
0-0: Ball 1-0: SOLO HOME RUN (Flyball, 8RXD, EV 115.6 MPH), Distance : 464 ft
|
|
Batting: RHB Masakuni Takeuchi
|
0-0: Ball 1-0: Ball 2-0: Called Strike 2-1: Called Strike 2-2: Fly out, F8 (Flyball, 8RD, EV 100.6 MPH)
|
|
Batting: LHB Vecdi Ertegun
|
0-0: Swinging Strike 0-1: Ground out 4-3 (Groundball, 4M, EV 103.8 MPH)
|
|
Batting: RHB Oscar Hernandez
|
0-0: Called Strike 0-1: Ground out 5-3 (Groundball, 56S, EV 85.6 MPH)
|
| Bottom of the 3rd over - 1 run, 1 hit, 0 errors, 0 left on base; University of Illinois 0 - Oklahoma State University 3 |
| TOP OF THE 4TH |
|
University of Illinois Fighting Illini batting - Pitching for Oklahoma State University Cowboys : RHP Jason Maki
|
|
Batting: RHB Hugo Priego
|
0-0: Called Strike 0-1: Called Strike 0-2: Strikes out swinging
|
|
Batting: LHB Bill Kovac
|
0-0: Ball 1-0: Ball 2-0: SOLO HOME RUN (Line Drive, 89XD, EV 109.4 MPH), Distance : 431 ft
|
|
Batting: LHB Fumito Sakurai
|
0-0: Called Strike 0-1: Fly out, F5 (Popup, 15, EV 78.1 MPH)
|
|
Batting: LHB Alex Rivera
|
0-0: Foul Ball, location: 2F 0-1: Ball 1-1: Foul Ball, location: 2F 1-2: Ball 2-2: Ball 3-2: Ground out 6-3 (Groundball, 6, EV 106.2 MPH)
|
| Top of the 4th over - 1 run, 1 hit, 0 errors, 0 left on base; University of Illinois 1 - Oklahoma State University 3 |
| BOTTOM OF THE 4TH |
|
Oklahoma State University Cowboys batting - Pitching for University of Illinois Fighting Illini : LHP Dave Serna
|
|
Batting: RHB Pedro Luera
|
0-0: Ball 1-0: Ball 2-0: Ball 3-0: Base on Balls
|
|
Batting: RHB Alex Montiel
|
0-0: Called Strike 0-1: Ball 1-1: Ball 2-1: Foul Ball, location: 2F 2-2: Foul Ball, location: 2F 2-2: Fielders Choice at 2nd, 4-6 (Groundball, 4, EV 86.2 MPH)
|
|
Batting: RHB Settan Nakamura
|
0-0: Ball 1-0: Grounds into double play, 6-4-3 (Groundball, 6M, EV 101.9 MPH)
|
| Bottom of the 4th over - 0 runs, 0 hits, 0 errors, 0 left on base; University of Illinois 1 - Oklahoma State University 3 |
| TOP OF THE 5TH |
|
University of Illinois Fighting Illini batting - Pitching for Oklahoma State University Cowboys : RHP Jason Maki
|
|
Batting: SHB Ernesto Mazas
|
0-0: Called Strike 0-1: Called Strike 0-2: Ground out 4-3 (Groundball, 4, EV 81.2 MPH)
|
|
Batting: RHB Fernando Acosta
|
0-0: Ball 1-0: Ground out U3 (Groundball, 34, EV 78.8 MPH)
|
|
Batting: RHB Oscar Ramirez
|
0-0: Ground out 3-1 (Groundball, 34, EV 83.8 MPH)
|
| Top of the 5th over - 0 runs, 0 hits, 0 errors, 0 left on base; University of Illinois 1 - Oklahoma State University 3 |
| BOTTOM OF THE 5TH |
|
Oklahoma State University Cowboys batting - Pitching for University of Illinois Fighting Illini : LHP Dave Serna
|
|
Batting: RHB Hidemitsu Matsuno
|
0-0: Foul Ball, location: 2F 0-1: Ball 1-1: Ball 2-1: SINGLE (Line Drive, 3D, EV 108.8 MPH)
|
|
Batting: RHB Ben Saxton
|
0-0: Ball 1-0: Ball 2-0: Ball 3-0: Base on Balls Hidemitsu Matsuno to second
|
|
Batting: LHB Rafael Banda
|
0-0: Ball 1-0: Ball 2-0: Foul Ball, location: 2F 2-1: Foul Ball, location: 2F 2-2: Foul Ball, location: 2F 2-2: Ball 3-2: Foul Ball, location: 2F 3-2: Base on Balls Hidemitsu Matsuno to third Ben Saxton to second
|
|
Batting: RHB Masakuni Takeuchi
|
0-0: Called Strike 0-1: Ball 1-1: DOUBLE (Flyball, 78D, EV 104.4 MPH) Hidemitsu Matsuno scores Ben Saxton scores Rafael Banda to third
|
|
Pitching: RHP Jim Tremel
|
|
|
Batting: LHB Vecdi Ertegun
|
0-0: Ball 1-0: Ground out 1-3 (Groundball, 13S, EV 65.6 MPH)
|
|
Batting: RHB Oscar Hernandez
|
0-0: Swinging Strike 0-1: Foul Ball, location: 2F 0-2: Ball 1-2: Fly out, F8 (Flyball, 8RS, EV 96.2 MPH)
|
|
Batting: RHB Pedro Luera
|
0-0: Ball 1-0: Foul Ball, location: 2F 1-1: Swinging Strike 1-2: Ball 2-2: Foul Ball, location: 2F 2-2: Ball 3-2: Strikes out swinging
|
| Bottom of the 5th over - 2 runs, 2 hits, 0 errors, 2 left on base; University of Illinois 1 - Oklahoma State University 5 |
| TOP OF THE 6TH |
|
University of Illinois Fighting Illini batting - Pitching for Oklahoma State University Cowboys : RHP Jason Maki
|
|
Batting: LHB Clint Hanninen
|
0-0: Foul Ball, location: 2F 0-1: Swinging Strike 0-2: Ground out U3 (Groundball, 3, EV 85.6 MPH)
|
|
Batting: SHB Dan Strickland
|
0-0: Foul Ball, location: 2F 0-1: Foul Ball, location: 2F 0-2: Ball 1-2: Ball 2-2: Ball 3-2: Foul Ball, location: 2F 3-2: Fly out, F8 (Flyball, 8RM, EV 90.0 MPH)
|
|
Batting: RHB Hugo Priego
|
0-0: Foul Ball, location: 2F 0-1: Fly out, F7 (Flyball, 7D, EV 103.1 MPH)
|
| Top of the 6th over - 0 runs, 0 hits, 0 errors, 0 left on base; University of Illinois 1 - Oklahoma State University 5 |
| BOTTOM OF THE 6TH |
|
Oklahoma State University Cowboys batting - Pitching for University of Illinois Fighting Illini : RHP Jim Tremel
|
|
Batting: RHB Alex Montiel
|
0-0: Ball 1-0: Ground out 4-3 (Groundball, 4, EV 81.9 MPH)
|
|
Batting: RHB Settan Nakamura
|
0-0: Foul Ball, location: 2F 0-1: Ball 1-1: Swinging Strike 1-2: Ball 2-2: Ball 3-2: SOLO HOME RUN (Flyball, 78XD, EV 109.4 MPH), Distance : 451 ft
|
|
Batting: RHB Hidemitsu Matsuno
|
0-0: Foul Ball, location: 2F 0-1: Ball 1-1: Fly out, F7 (Flyball, 7, EV 86.9 MPH)
|
|
Batting: RHB Ben Saxton
|
0-0: Called Strike 0-1: Fly out, F9 (Flyball, 9, EV 92.5 MPH)
|
| Bottom of the 6th over - 1 run, 1 hit, 0 errors, 0 left on base; University of Illinois 1 - Oklahoma State University 6 |
| TOP OF THE 7TH |
|
University of Illinois Fighting Illini batting - Pitching for Oklahoma State University Cowboys : RHP Jason Maki
|
|
Batting: LHB Bill Kovac
|
0-0: Called Strike 0-1: Ball 1-1: Swinging Strike 1-2: Foul Ball, location: 2F 1-2: Ball 2-2: Strikes out looking
|
|
Batting: LHB Fumito Sakurai
|
0-0: Foul Ball, location: 2F 0-1: Called Strike 0-2: Foul Ball, location: 2F 0-2: Ball 1-2: Fly out, F7 (Flyball, 7D, EV 108.1 MPH)
|
|
Batting: LHB Alex Rivera
|
0-0: Ball 1-0: Foul Ball, location: 2F 1-1: Fly out, F5 (Popup, 25F, EV 87.5 MPH)
|
| Top of the 7th over - 0 runs, 0 hits, 0 errors, 0 left on base; University of Illinois 1 - Oklahoma State University 6 |
| BOTTOM OF THE 7TH |
|
Oklahoma State University Cowboys batting - Pitching for University of Illinois Fighting Illini : RHP Jim Tremel
|
|
Batting: LHB Rafael Banda
|
0-0: Ball 1-0: Ball 2-0: Foul Ball, location: 2F 2-1: Ball 3-1: SINGLE (Flyball, 89S, EV 92.5 MPH)
|
|
Batting: RHB Masakuni Takeuchi
|
0-0: Ball 1-0: SINGLE (Flyball, 3D, EV 95.0 MPH) Rafael Banda to second
|
|
Pitching: RHP Bart Bell
|
|
|
Batting: LHB Vecdi Ertegun
|
0-0: Ball 1-0: Called Strike 1-1: Swinging Strike 1-2: DOUBLE (Line Drive, 9LS, EV 105.6 MPH) Rafael Banda scores Masakuni Takeuchi to third
|
|
Batting: RHB Oscar Hernandez
|
0-0: Ball 1-0: Swinging Strike 1-1: Ball 2-1: Fly out, F7 (Line Drive, 78M, EV 94.4 MPH) Runner from 3rd tags up, SCORES, throw by LF
|
|
Batting: RHB Pedro Luera
|
0-0: Called Strike 0-1: Foul Ball, location: 2F 0-2: Ball 1-2: Ball 2-2: SINGLE (Groundball, 56D, EV 94.4 MPH) Vecdi Ertegun to third Runner from 3rd tries for Home, SAFE, throw by LF to home
|
|
Batting: RHB Alex Montiel
|
0-0: Ball 1-0: Ball 2-0: Grounds into double play, 4-6-3 (Groundball, 4, EV 102.5 MPH)
|
| Bottom of the 7th over - 3 runs, 4 hits, 0 errors, 0 left on base; University of Illinois 1 - Oklahoma State University 9 |
| TOP OF THE 8TH |
|
University of Illinois Fighting Illini batting - Pitching for Oklahoma State University Cowboys : RHP Jason Maki
|
|
Batting: SHB Ernesto Mazas
|
0-0: Swinging Strike 0-1: Foul Ball, location: 2F 0-2: Ground out U3 (Groundball, 34S, EV 90.0 MPH)
|
|
Pitching: RHP Tahir Montazeri
|
|
|
Pinch Hitting: LHB Antonio Sandoval
|
0-0: Foul Ball, location: 2F 0-1: Foul Ball, location: 2F 0-2: Strikes out swinging
|
|
Batting: RHB Oscar Ramirez
|
0-0: Swinging Strike 0-1: Ball 1-1: Ground out U3 (Groundball, 34S, EV 85.0 MPH)
|
| Top of the 8th over - 0 runs, 0 hits, 0 errors, 0 left on base; University of Illinois 1 - Oklahoma State University 9 |
| BOTTOM OF THE 8TH |
|
Oklahoma State University Cowboys batting - Pitching for University of Illinois Fighting Illini : RHP Bart Bell
|
|
Now at SS: Alejandro Collazo
|
|
|
Batting: RHB Settan Nakamura
|
0-0: Called Strike 0-1: Ball 1-1: Ground out U3 (Groundball, 34, EV 99.4 MPH)
|
|
Batting: RHB Hidemitsu Matsuno
|
0-0: Ball 1-0: Swinging Strike 1-1: Fly out, F8 (Line Drive, 8RD, EV 98.1 MPH)
|
|
Batting: RHB Ben Saxton
|
0-0: Ball 1-0: Ball 2-0: Fly out, F8 (Flyball, 78M, EV 82.5 MPH)
|
| Bottom of the 8th over - 0 runs, 0 hits, 0 errors, 0 left on base; University of Illinois 1 - Oklahoma State University 9 |
| TOP OF THE 9TH |
|
University of Illinois Fighting Illini batting - Pitching for Oklahoma State University Cowboys : RHP Tahir Montazeri
|
|
Pinch Hitting: LHB Javy Rueda
|
0-0: Called Strike 0-1: Foul Ball, location: 2F 0-2: Strikes out swinging
|
|
Batting: SHB Dan Strickland
|
0-0: Foul Ball, location: 2F 0-1: SINGLE (Groundball, 4MS, EV 61.2 MPH) (infield hit)
|
|
Batting: RHB Hugo Priego
|
0-0: Called Strike 0-1: Called Strike 0-2: Ball 1-2: Ball 2-2: Fly out, F7 (Line Drive, 7LS, EV 95.6 MPH)
|
|
Batting: LHB Bill Kovac
|
0-0: Ball 1-0: Ball 2-0: Foul Ball, location: 2F 2-1: Ball 3-1: SINGLE (Flyball, 9S, EV 73.8 MPH) Dan Strickland to second
|
|
Batting: LHB Fumito Sakurai
|
0-0: Ball 1-0: Ball 2-0: Ball 3-0: Base on Balls Dan Strickland to third Bill Kovac to second
|
|
Batting: LHB Alex Rivera
|
0-0: Foul Ball, location: 2F 0-1: Swinging Strike 0-2: Foul Ball, location: 2F 0-2: Ball 1-2: Foul Ball, location: 2F 1-2: Ball 2-2: Ball 3-2: Foul Ball, location: 2F 3-2: GRAND SLAM HOME RUN (Flyball, 9D, EV 98.1 MPH), Distance : 386 ft
|
|
Pitching: RHP Andrew Dopp
|
|
|
Pinch Hitting: RHB Cody Leonard
|
0-0: Called Strike 0-1: SINGLE (Groundball, 56D, EV 96.2 MPH)
|
|
Batting: RHB Alejandro Collazo
|
0-0: Foul Ball, location: 2F 0-1: Ball 1-1: Ball 2-1: SINGLE (Groundball, 6MD, EV 98.8 MPH) Cody Leonard to second
|
|
Pitching: RHP Yorinobu Matsumoto
|
|
|
Pinch Hitting: RHB Mustafa bin Gamali
|
0-0: Foul Ball, location: 2F 0-1: Ball 1-1: Ball 2-1: Called Strike 2-2: SINGLE (Line Drive, 7S, EV 90.6 MPH) Cody Leonard to third Alejandro Collazo to second
|
|
Batting: LHB Javy Rueda
|
0-0: Fly out, F5 (Popup, 5SF, EV 74.4 MPH)
|
| Top of the 9th over - 4 runs, 6 hits, 0 errors, 3 left on base; University of Illinois 5 - Oklahoma State University 9 |
|